 Dungeon Crawl Stone Soup version 0.28-a0-823-gb444dcf96d (webtiles) character file.

Game seed: 2720638212902895435

9 ytrimaz the Skirmisher (level 2, 27/27 HPs)
             Began as a Minotaur Fighter on Nov 9, 2021.
             Quit the game on level 1 of the Dungeon.
             The game lasted 00:00:33 (362 turns).

ytrimaz the Skirmisher (Minotaur Fighter)            Turns: 362, Time: 00:00:34

Health: 27/27      AC:  8    Str: 20    XL:     2   Next: 6%
Magic:  1/1        EV:  9    Int:  5    God:
Gold:   27         SH:  4    Dex:  9    Spells: 1/1 levels left

rFire   . . .      SeeInvis .   a - +0 rapier
rCold   . . .      Faith    .   c - +0 buckler
rNeg    . . .      Spirit   .   b - +0 scale mail
rPois   .          Reflect  .   (helmet restricted)
rElec   .          Harm     .   f - +0 cloak
rCorr   .          Rampage  .   (no gloves)
Will    .....                   (no boots)
Stlth   ..........              (no amulet)
HPRegen 0.09/turn               (no ring)
MPRegen 0.07/turn               (no ring)

@: no status effects
A: horns 2, retaliatory headbutt
a: no special abilities


You were on level 1 of the Dungeon.
You visited 1 branch of the dungeon, and saw 1 of its levels.

You collected 27 gold pieces.

Inventory:

Hand Weapons
 a - a +0 rapier (weapon)
Armour
 b - a +0 scale mail (worn)
 c - a +0 buckler (worn)
 f - a +0 cloak (worn)
Scrolls
 g - a scroll of identify {unknown}
Potions
 d - 2 potions of might
 e - a potion of heal wounds {unknown}


   Skills:
 + Level 3.8 Fighting
 * Level 2.3 Short Blades
 + Level 3.8 Armour
 * Level 0.5 Dodging
 + Level 3.8 Shields


You had one spell level left.
You didn't know any spells.
Your spell library contained the following spells:

 Spells                   Type           Power      Damage    Failure   Level
 Gell's Gravitas          Tloc           0%         N/A       99%         3
 Teleport Other           Tloc           0%         N/A       99%         3
 Dispersal                Tloc           0%         N/A       100%        6


Dungeon Overview and Level Annotations

Branches:
Dungeon (1/15)

Altars:


Innate Abilities, Weirdness & Mutations

You have a pair of horns on your head.
You reflexively headbutt those who attack you in melee.


Message History

A ball python comes into view.
The ball python hisses angrily.
A ball python is nearby!
A ball python is nearby!
A ball python is nearby!
You puncture the ball python!
You kill the ball python!
No target in view!
No target in view!
No target in view!
No target in view!
No target in view!
A rat comes into view.
A rat is nearby!
A rat is nearby!
You closely miss the rat. The rat barely misses you. You furiously retaliate!
You headbutt the rat.
You kill the rat!
You have reached level 2!
You pick up a There-And-Back Book and begin reading...
You add the spells Gell's Gravitas, Teleport Other and Dispersal to your library.
g - a scroll labelled KAJEAFRO WUJIU You now have 27 gold pieces (gained 6).
You open the door. You open the door.
There is an open door here.
There is an open door here.
Found 26 bolts.
No target in view!
A goblin comes into view. It is wielding a +0 dagger.
The goblin shouts!
A goblin is nearby!
A goblin is nearby!
The goblin hits you but does no damage.
You see here 26 bolts.
You closely miss the goblin. You block the goblin's attack.
You puncture the goblin!
You kill the goblin!
No target in view!
Are you sure you want to abandon this character and quit the game? (Confirm with "yes".)

.........#
#....#
#.#..#####
####.#
#.##.# #.#
#.##.# #.#
..##†# #.#
####.# #.#
#.# #.#
#.# #.#
#.# #@#
#.# #)#
#.# #.#
#.# #.#
#.# #.#
#.#


There were no monsters in sight!

Vanquished Creatures
  An endoplasm (D:1)
  2 goblins (D:1)
  A hobgoblin (D:1)
  A quokka (D:1)
  A ball python (D:1)
  A frilled lizard (D:1)
  A kobold (D:1)
  A rat (D:1)
9 creatures vanquished.

Notes
Turn   | Place    | Note
-------+----------+-------------------------------------------
     0 | D:1      | ytrimaz the Minotaur Fighter began the quest for the Orb.
     0 | D:1      | Reached XP level 1. HP: 19/19 MP: 0/0
   311 | D:1      | Reached XP level 2. HP: 27/27 MP: 1/1
   362 | D:1      | Quit the game

Illustrated notes

Levels and vault maps discovered:
D:1:      scummos_arrival_gate, layout_basic, shapermc_ecumenical_altar_petra

Action                   || total
-------------------------++-------
Melee: Rapier            ||    26
       Headbutt          ||     2
  Use: Scroll            ||     3
Armor: Scale mail        ||    10
Dodge: Dodged            ||     5
Block: Buckler           ||     4

Table legend: (Time is in decaauts)
 A = Elapsed time spent in this place.
 B = Non-inter-level travel time spent in this place.
 C = Inter-level travel time spent in this place.
 D = Time resting spent in this place.
 E = Time spent auto-exploring this place.
 F = Levels seen in this place.
 G = Mean time per level.
                   A        B        C        D        E       F      G
               +--------+--------+--------+--------+--------+-----+--------+
         Total |    364 |    364 |      0 |      0 |    285 |   1 |  364.0 |
       Dungeon |    364 |    364 |      0 |      0 |    285 |   1 |  364.0 |
               +--------+--------+--------+--------+--------+-----+--------+

Top non-repeatable levels by time:
     D:1: 364 daAuts
